 Dungeon Crawl Stone Soup version 0.27-a0-836-gfc908b8576 (webtiles) character file.

Game seed: 8266904765465099588

64 Alarkh the Insei (level 3, 0/29 HPs)
             Began as a Demonspawn Monk on Apr 1, 2021.
             Killed by nerve-wracking pain
             ... invoked by Jessica
              (13 damage)
             ... on level 2 of the Dungeon.
             The game lasted 00:01:39 (1775 turns).

Alarkh the Insei (Demonspawn Monk)                  Turns: 1775, Time: 00:01:39

Health: 0/29       AC:  4    Str: 11    XL:     3   Next: 91%
Magic:  3/3        EV: 12    Int: 12    God:
Gold:   10         SH:  0    Dex: 15    Spells: 2/2 levels left

rFire    . . .     SeeInvis .     - Unarmed
rCold    . . .     Faith    .   (no shield)
rNeg     . . .     Spirit   .   a - +0 robe
rPois    .         Reflect  .   b - +1 helmet
rElec    .         Harm     .   (no cloak)
rCorr    .         Rampage  .   (no gloves)
Will     .....                  (no boots)
Stlth    ++........             (no amulet)
HPRegen  0.09/turn              (no ring)
MPRegen  0.08/turn              (no ring)

@: no status effects
A: claws 1
a: no special abilities


You were on level 2 of the Dungeon.
You visited 1 branch of the dungeon, and saw 2 of its levels.

You collected 10 gold pieces.

Inventory:

Armour
 a - a +0 robe (worn)
 b - a +1 helmet (worn)
Scrolls
 d - 4 scrolls of identify {unknown}
 h - a scroll of enchant armour {unknown}
Potions
 c - a potion of flight {unknown}
 e - 2 potions of ambrosia {unknown}
 f - a potion of haste {unknown}
 g - a potion of cancellation {unknown}
 i - 2 potions of lignification {unknown}
 j - a potion of heal wounds
 k - a potion of mutation {unknown}


   Skills:
 + Level 3.3 Fighting
 - Level 2.6 Dodging
 - Level 1.7 Stealth
 * Level 4.1 Unarmed Combat


You had 2 spell levels left.
You didn't know any spells.
Your spell library contained the following spells:

 Spells                   Type           Power      Damage    Failure   Level
 Passwall                 Tmut/Erth      0%         N/A       45%         2
 Swiftness                Air            0%         N/A       45%         2
 Passage of Golubria      Tloc           N/A        N/A       97%         4
 Lee's Rapid Deconstruct  Erth           0%         3d5*      100%        5
 Invisibility             Hex            0%         N/A       100%        6


Dungeon Overview and Level Annotations

Branches:
Dungeon (2/15)

Altars:

Annotations:
D:2 Jessica


Innate Abilities, Weirdness & Mutations

You have sharp fingernails.


Message History

No target in view!
Things that are here:
a +0 short sword; 4 stones; a kobold corpse
k - a fizzy cyan potion
e - 2 yellow potions (gained 1)
Things that are here:
a +0 short sword; 4 stones; a kobold corpse Jessica the Apprentice Sorceress comes into view.
She is wielding a +0 dagger.
Jessica shouts!
Jessica hits you with a +0 dagger.
You scratch Jessica but do no damage. You barely miss Jessica.
Jessica hits you but does no damage.
You closely miss Jessica. Jessica hits you with a +0 dagger.
You scratch Jessica but do no damage. Jessica casts a spell at you.
You scratch Jessica.
Jessica is moderately wounded.
Jessica hits you with a +0 dagger.
You closely miss Jessica.
Jessica is moderately wounded.
Jessica closely misses you.
You scratch Jessica.
Jessica is heavily wounded.
Jessica drinks a potion.
Jessica is healed!
You closely miss Jessica. Jessica hits you with a +0 dagger.
You scratch Jessica.
Jessica is moderately wounded.
Jessica hits you with a +0 dagger.
You are too injured to fight recklessly!
You are too injured to fight recklessly!
You are too injured to fight recklessly!
You are too injured to fight recklessly!
You are too injured to fight recklessly!
You are too injured to fight recklessly!
You are too injured to fight recklessly!
You closely miss Jessica.
Jessica is moderately wounded.
Jessica gestures at you while chanting. Pain shoots through your body!
You die...

######## #.@@...# #...##.#
#8...8#.# ##...##.# #...##.#
##...##.#######
#8...8#.......# ###
####...########.######
###8###8##...##8###8#....<.#


You could see Jessica.

Vanquished Creatures
  A gnoll (D:1)
  An adder (D:2)
  2 dart slugs (D:1)
  6 ball pythons
  2 endoplasms (D:1)
  A giant cockroach (D:1)
  4 goblins (D:1)
  6 hobgoblins
  4 bats
  4 frilled lizards
  9 kobolds
  A rat (D:1)
41 creatures vanquished.

Notes
Turn   | Place    | Note
-------+----------+-------------------------------------------
     0 | D:1      | Alarkh the Demonspawn Monk began the quest for the Orb.
     0 | D:1      | Reached XP level 1. HP: 18/18 MP: 1/1
    97 | D:1      | Reached skill level 3 in Unarmed Combat
    97 | D:1      | Gained mutation: You have sharp fingernails. [demonic
                  | ancestry]
    97 | D:1      | Reached XP level 2. HP: 3/24 MP: 2/2
  1024 | D:1      | Reached XP level 3. HP: 6/29 MP: 3/3
  1455 | D:2      | Reached skill level 4 in Unarmed Combat
  1762 | D:2      | Noticed Jessica
  1775 | D:2      | Killed from afar by Jessica

Illustrated notes

Levels and vault maps discovered:
D:1:      wander_arrival_abandoned_jail, layout_loops_corners
D:2:      layout_rooms, serial_corexii_hall, corexii_hall_statues_x,
          corexii_hall_statues_x, evilmike_ruin_ashenzari, uniq_jessica

Skill      XL: |  1  2  3 |
---------------+----------+-----
Unarmed Combat | 3 4 |  4.1
Fighting       | |  3.3
Dodging        | |  2.6
Stealth        | |  1.7

Action                   || total
-------------------------++-------
Melee: Unarmed           ||   133
  Use: Potion            ||     3
 Stab: Sleeping          ||     5
Armor: Robe              ||    30
Dodge: Dodged            ||    75

Table legend: (Time is in decaauts)
 A = Elapsed time spent in this place.
 B = Non-inter-level travel time spent in this place.
 C = Inter-level travel time spent in this place.
 D = Time resting spent in this place.
 E = Time spent auto-exploring this place.
 F = Levels seen in this place.
 G = Mean time per level.
                   A        B        C        D        E       F      G
               +--------+--------+--------+--------+--------+-----+--------+
         Total |   1765 |   1762 |      3 |    369 |   1097 |   2 |  882.5 |
       Dungeon |   1765 |   1762 |      3 |    369 |   1097 |   2 |  882.5 |
               +--------+--------+--------+--------+--------+-----+--------+

Top non-repeatable levels by time:
     D:1: 1443 daAuts
     D:2: 321 daAuts
